 Dungeon Crawl Stone Soup version 0.31-a0-596-g831eee08f1 (webtiles) character file.

Game seed: 17898029998235531938

207 thirtiethelement the Trooper (level 5, -2/43 HPs)
             Began as a Demonspawn Cinder Acolyte on Aug 21, 2023.
             Was a High Priest of Ignis.
             Killed by nerve-wracking pain
             ... invoked by Grinder
              (14 damage)
             ... while paralysed by Grinder
             ... on level 4 of the Dungeon.
             The game lasted 00:05:23 (2978 turns).

thirtiethelement the Trooper (DsCA)                 Turns: 2978, Time: 00:05:24

Health: -2/43      AC:  4    Str: 17    XL:     5   Next: 54%
Magic:  7/7        EV:  2    Int: 15    God:    Ignis [*****.]
Gold:   157        SH:  0    Dex:  8    Spells: 4/6 levels left

rFire   + . .        g - +0 war axe
rCold   . . .        i - +2 kite shield
rNeg    . . .        k - +0 leather armour
rPois   .            (no helmet)
rElec   .            (no cloak)
rCorr   .            (no gloves)
SInv    .            (no boots)
Will    .....        m - amulet of reflection
Stlth   +            (no ring)
HPRegen 0.27/turn    (no ring)
MPRegen 0.10/turn

%: reflection
@: paralysed
A: rugged brown scales 1, spiny 2
a: Renounce Religion, Fiery Armour, Foxfire Swarm, Rising Flame


You were on level 4 of the Dungeon.
You worshipped Ignis.
Ignis was extremely pleased with you.
You visited 1 branch of the dungeon, and saw 4 of its levels.

You collected 157 gold pieces.

Inventory:

Hand Weapons
 a - a -1 hand axe of flaming
 g - a +0 war axe (weapon)
Missiles
 c - 2 javelins (quivered)
Armour
 i - a +2 kite shield (worn)
 k - a +0 leather armour (worn)
Jewellery
 m - an amulet of reflection (around neck)
Wands
 h - a wand of acid (4)
Scrolls
 b - a scroll of torment {unknown}
 l - 2 scrolls of enchant armour {unknown}
 n - a scroll of fog {unknown}
 p - a scroll of identify {unknown}
 q - 2 scrolls of immolation {unknown}
 s - a scroll of revelation {unknown}
Potions
 d - a potion of mutation {unknown}
 e - 2 potions of cancellation {unknown}
 f - 2 potions of might {unknown}
 j - 3 potions of heal wounds {unknown}
 o - 3 potions of curing {unknown}
 r - a potion of berserk rage {unknown}


   Skills:
 + Level 4.0 Fighting
 + Level 3.9 Axes
 + Level 0.2 Armour
 + Level 1.1 Dodging
 + Level 0.3 Stealth
 + Level 0.9 Shields
 + Level 1.3 Spellcasting
 + Level 3.4 Fire Magic


You had 4 spell levels left.
You knew the following spells:

 Your Spells              Type           Power      Damage    Failure   Level
a - Scorch                Fire           22%        2d5       32%         2

Your spell library contained the following spells:

 Spells                   Type           Power      Damage    Failure   Level
 Freeze                   Ice            4%         1d3       65%         1
 Summon Small Mammal      Summ           4%         N/A       65%         1
 Call Canine Familiar     Summ           1%         N/A       95%         3
 Frozen Ramparts          Ice            2%         1d1       95%         3
 Hailstorm                Conj/Ice       1%         3d3       95%         3
 Summon Guardian Golem    Hex/Summ       1%         N/A       95%         3
 Vhi's Electric Charge    Tloc/Air       2%         N/A       95%         3
 Arcjolt                  Conj/Air       0%         1d10      100%        5
 Maxwell's Capacitive Co  Air            0%         ∞         100%        8


Dungeon Overview and Level Annotations

Branches:
Dungeon (4/15)             Temple (0/1) D:4

Altars:
Ashenzari
Qazlal

Annotations:
D:4 Grinder


Innate Abilities, Weirdness & Mutations

You are partially covered in rugged brown scales. (AC +1, +3% HP)
You are mostly covered in sharp spines.


Message History

You see here a +0 robe.
Grinder comes into view.
Grinder shouts!
Grinder gestures at you.
You suddenly lose the ability to move!
You can move again.
You barely miss Grinder. Grinder hits you but does no damage.
You block Grinder's attack.
You closely miss Grinder. You block Grinder's attack.
You closely miss Grinder. Grinder gestures at you.
You suddenly lose the ability to move!
Grinder is struck by your spines. Grinder hits you.
You writhe in agony.
Grinder hits you but does no damage.
Grinder says, "FISH!"
Grinder is struck by your spines. Grinder hits you!
Grinder is struck by your spines. Grinder barely misses you.
Grinder is struck by your spines. Grinder hits you!
You can move again.
You hit Grinder but do no damage.
Grinder is heavily wounded.
You block Grinder's attack.
You barely miss Grinder.
Grinder is heavily wounded.
Grinder gestures at you. You resist with significant effort.
You block Grinder's attack.
You hit Grinder.
Grinder is severely wounded.
You block Grinder's attack.
You barely miss Grinder.
Grinder is severely wounded.
Grinder hits you.
You writhe in agony.
Grinder gestures at you.
You suddenly lose the ability to move!
Grinder hits you!
You writhe in agony.
* * * LOW HITPOINT WARNING * * *
Grinder gestures at you. Pain shoots through your body!
You die...
Grinder says, "Now the real fun starts!"

.######.........#
...>###...##....#
###.......##....#
..........##....#
#####.....#.....#
.#........#..#..#####
.##.#.....#.....#...
.##.#.#...#.##.##.##.#
....#.#.......[.@....#
#####.#..##.##.##5#..#
......#..##.##.# .# #
#######..##.##.# .#
... ...##.##.# .# ..#
###.##.##.# .# #.#
..##.##.# .# .
#.##.##.# .# #.##.#


You could see Grinder.

Vanquished Creatures
  A hound (D:4)
  Natasha (thrice) (D:3)
  Robin (D:3)
  2 adders (D:3)
  A worm (D:4)
  A dart slug (D:1)
  7 endoplasms
  3 giant cockroaches
  10 hobgoblins
  3 jackals (D:3)
  6 ball pythons
  3 bats
  A frilled lizard (D:2)
  13 goblins
  7 kobolds
  7 rats
69 creatures vanquished.

Notes
Turn   | Place    | Note
-------+----------+-------------------------------------------
     0 | D:1      | thirtiethelement the Demonspawn Cinder Acolyte began the
                  | quest for the Orb.
     0 | D:1      | Reached XP level 1. HP: 18/18 MP: 2/2
   145 | D:1      | Gained mutation: You are partially covered in rugged brown
                  | scales. (AC +1, +3% HP) [demonic ancestry]
   145 | D:1      | Reached XP level 2. HP: 10/24 MP: 3/3
   279 | D:1      | Learned a level 2 spell: Scorch
   911 | D:2      | Gained mutation: You are partially covered in sharp spines.
                  | [demonic ancestry]
   911 | D:2      | Reached XP level 3. HP: 23/29 MP: 1/4
  1430 | D:3      | Noticed Natasha
  1437 | D:3      | Killed Natasha
  1508 | D:3      | Reached XP level 4. HP: 37/37 MP: 0/5
  1632 | D:3      | Noticed Natasha
  1637 | D:3      | Killed Natasha
  1674 | D:3      | Found a faded altar of an unknown god.
  1798 | D:3      | Noticed Robin
  1829 | D:3      | Killed Robin
  2027 | D:3      | Noticed Natasha
  2032 | D:3      | Killed Natasha
  2033 | D:3      | Reached skill level 4 in Fighting
  2033 | D:3      | Gained mutation: You are mostly covered in sharp spines.
                  | [demonic ancestry]
  2033 | D:3      | Reached XP level 5. HP: 43/43 MP: 7/7
  2248 | D:3      | Found a broken altar of Ashenzari.
  2253 | D:3      | Found a stormy altar of Qazlal.
  2346 | D:3      | Reached skill level 1 in Dodging
  2756 | D:4      | Found a staircase to the Ecumenical Temple.
  2964 | D:4      | Noticed Grinder
  2964 | D:4      | Paralysed by Grinder for 2 turns
  2968 | D:4      | Paralysed by Grinder for 5 turns
  2976 | D:4      | Paralysed by Grinder for 5 turns
  2978 | D:4      | Killed from afar by Grinder

Illustrated notes

Levels and vault maps discovered:
D:1:      lemuel_arrival_funnel, layout_loops_ring, hex_large,
          nicolae_eternal_life
D:2:      layout_basic
D:3:      layout_loops_corners, minitemple, basic_ecumenical_altar,
          uniq_natasha, uniq_robin
D:4:      layout_basic, temple_pool_b, uniq_grinder

Skill      XL: |  1  2  3  4  5 |
---------------+----------------+-----
Fire Magic     | 3 |  3.4
Axes           | 3 |  3.9
Fighting       | 4 |  4.0
Dodging        | 1 |  1.1
Armour         | |  0.2
Stealth        | |  0.3
Shields        | |  0.9
Spellcasting   | |  1.3

Action                     |  1- 3 |  4- 6 || total
---------------------------+-------+-------++-------
  Melee: Hand axe          |    59 |       ||    59
         Punch             |     1 |       ||     1
         War axe           |    20 |    74 ||    94
   Cast: Scorch            |     8 |     2 ||    10
 Armour: Robe              |    15 |       ||    15
         Leather armour    |     7 |    11 ||    18
  Dodge: Dodged            |    28 |    14 ||    42
  Block: Kite shield       |    11 |    65 ||    76
         Reflection        |       |     3 ||     3

Table legend: (Time is in decaauts)
 A = Elapsed time spent in this place.
 B = Non-inter-level travel time spent in this place.
 C = Inter-level travel time spent in this place.
 D = Time resting spent in this place.
 E = Time spent auto-exploring this place.
 F = Levels seen in this place.
 G = Mean time per level.
                   A        B        C        D        E       F      G
               +--------+--------+--------+--------+--------+-----+--------+
         Total |   3038 |   2943 |     95 |      0 |   2461 |   4 |  759.5 |
       Dungeon |   3038 |   2943 |     95 |      0 |   2461 |   4 |  759.5 |
               +--------+--------+--------+--------+--------+-----+--------+

Top non-repeatable levels by time:
     D:3: 1114 daAuts
     D:1: 908 daAuts
     D:4: 531 daAuts
     D:2: 482 daAuts
